Map: Backwater LE

Players

Snute - Winner!

  • Race: Zerg Zerg
  • Spawn Location: 11:00

Yours

  • Race: Zerg Zerg
  • Spawn Location: 5:00

Event: WCS Leipzig 2018

VOD

Have the link to the VOD?

Description

Time

  • Played on: Jan. 26, 2018, 12:55 p.m.
  • Length: 6:10

All games in this series

Show
View Real Time Build Order
Export as new Build Order

Snute Zerg - Winner!

Build Orders: Pool First 

Get SALT Encoding   

  12  0:00  Drone  
  13  0:12  Overlord  
  13  0:16  Drone  
  14  0:30  Drone x2  
  14  0:34  Drone  
  17  0:43  Spawning Pool  
  17  0:48  Drone  
  17  1:08  Hatchery  
  17  1:10  Drone  
  17  1:14  Extractor  
  17  1:15  Drone  
  17  1:19  Drone  
  18  1:30  Queen  
  18  1:32  Zergling x2  
  21  1:38  Overlord  
  21  1:49  Drone  
  22  2:00  Drone  
  23  2:05  Queen  
  25  2:10  Drone  
  25  2:14  Metabolic Boost  
  26  2:20  Drone  
  26  2:21  Drone  
  28  2:33  Drone x2  
  28  2:36  Drone  
  31  2:39  Baneling Nest  
  31  2:40  Overlord  
  31  2:42  Drone x2  
  31  2:44  Drone  
  32  3:00  Hatchery  
  32  3:04  Zergling x4  
  33  3:07  Zergling x2  
  33  3:09  Zergling x2  
  35  3:14  Drone x3  
  35  3:18  Drone  
  35  3:19  Drone  
  40  3:23  Overlord  
  40  3:25  Drone  
  41  3:29  Drone x2  
  41  3:32  Drone  
  44  3:38  Overlord  
  44  3:44  Drone x2, Evolution Chamber  
  45  3:50  Roach Warren  
  45  3:51  Drone  
  45  3:52  Drone x2  
  45  3:54  Overlord  
  47  3:56  Extractor  
  47  4:01  Queen  
  48  4:05  Queen  
  48  4:08  Drone  
  51  4:11  Overlord  
  51  4:29  Unknown, Roach x6  
  51  4:30  Roach x2  
  67  4:34  Roach x2  
  67  4:36  Roach  
  73  4:46  Roach x2  
  73  4:47  Overlord  
  73  4:52  Overlord  
  77  4:54  Zergling x8  
  81  5:03  Overlord  
  81  5:04  Zergling x2  
  82  5:16  Spore Crawler x4  
  82  5:19  Baneling  
  82  5:20  Baneling x3  
  77  5:21  Ravager  
  77  5:22  Zergling x2  
  77  5:23  Zergling x6  
  77  5:27  Zergling x6  
  85  5:30  Ravager  
Show
View Real Time Build Order
Export as new Build Order

Yours Zerg 

Build Orders: Hatch First 

Get SALT Encoding   

  12  0:00  Drone  
  13  0:12  Overlord  
  13  0:18  Drone  
  14  0:31  Drone x2  
  14  0:34  Drone  
  17  0:53  Hatchery  
  17  0:55  Drone  
  17  0:58  Drone  
  18  1:10  Extractor  
  17  1:13  Spawning Pool  
  17  1:16  Drone  
  17  1:19  Drone  
  18  1:29  Drone  
  19  1:39  Overlord  
  19  1:52  Drone  
  20  2:00  Queen  
  23  2:01  Drone  
  23  2:04  Queen  
  23  2:05  Zergling x2  
  26  2:09  Metabolic Boost  
  26  2:13  Drone  
  27  2:24  Zergling x2  
  27  2:28  Drone  
  29  2:33  Drone x2  
  31  2:40  Queen  
  31  2:42  Drone  
  34  2:50  Overlord  
  35  2:51  Drone  
  35  2:55  Drone  
  35  2:56  Lair  
  36  3:09  Drone  
  36  3:10  Drone x5  
  42  3:13  Baneling Nest  
  41  3:21  Drone x2  
  41  3:23  Extractor, Overlord  
  41  3:36  Spine Crawler, Drone x2  
  41  3:38  Extractor  
  41  3:42  Drone x4  
  41  3:43  Drone  
  41  3:46  Extractor  
  45  3:59  Drone x5  
  50  4:04  Spire  
  50  4:08  Overseer  
  49  4:10  Drone  
  49  4:13  Drone x2  
  52  4:23  Baneling x2  
  52  4:34  Hatchery  
  51  4:44  Drone  
  52  4:46  Spine Crawler, Overlord  
  52  4:47  Spine Crawler, Drone x2  
  52  4:48  Spine Crawler  
  51  4:54  Overlord  
  51  4:56  Zergling x2  
  52  5:04  Overlord  
  52  5:05  Zergling x2  
  52  5:06  Spine Crawler, Zergling x8  
  56  5:17  Mutalisk x3  
  61  5:24  Mutalisk x2  
  61  5:26  Baneling x2  
  61  5:27  Baneling x2  
  65  5:29  Baneling x3  
  65  5:40  Zergling x2  
  65  5:41  Zergling x8  
Tags
 
Add a new tag
Caveats
  • Supply blocks, unpowered buildings, or Contaminate may cause inaccurate times.
  • Supply counts are checked every 10 seconds.